 Seeded DCSS version 0.28-a0-1429-gf3d713df7a (webtiles) character file.

Game seed: 3149488895049079488 (custom seed)

232 voltaire321 the Covered (level 5, -4/47 HPs)
             Began as a Minotaur Fighter on Jan 9, 2022.
             Slain by Pikel (7 damage)
             ... on level 3 of the Dungeon.
             The game lasted 00:05:02 (3903 turns).

voltaire321 the Covered (Minotaur Fighter)          Turns: 3903, Time: 00:05:02

Health: -4/47      AC:  7    Str: 22    XL:     5   Next: 73%
Magic:  4/4        EV: 10    Int:  5    God:
Gold:   240        SH:  4    Dex: 10    Spells: 4/4 levels left

rFire   . . .      SeeInvis .   a - +0 flail
rCold   . . .      Faith    .   c - +0 buckler
rNeg    . . .      Spirit   .   b - +0 scale mail
rPois   .          Reflect  .   (helmet restricted)
rElec   .          Harm     .   (no cloak)
rCorr   .          Rampage  .   (no gloves)
Will    .....                   (no boots)
Stlth   ..........              (no amulet)
HPRegen 0.15/turn               (no ring)
MPRegen 0.09/turn               (no ring)

@: mighty
A: horns 2, retaliatory headbutt
a: no special abilities


You were on level 3 of the Dungeon.
You visited 1 branch of the dungeon, and saw 4 of its levels.

You collected 240 gold pieces.

Inventory:

Hand Weapons
 a - a +0 flail (weapon)
Armour
 b - a +0 scale mail (worn)
 c - a +0 buckler (worn)
Jewellery
 m - an amulet of faith
Scrolls
 e - 2 scrolls of identify {unknown}
 h - a scroll of magic mapping {unknown}
 i - 2 scrolls of teleportation {unknown}
 j - a scroll of brand weapon {unknown}
 o - a scroll of noise {unknown}
 q - a scroll of immolation {unknown}
Potions
 f - 2 potions of heal wounds {unknown}
 g - a potion of mutation {unknown}
 k - 3 potions of curing {unknown}
 l - 2 potions of degeneration {unknown}
 n - 3 potions of ambrosia {unknown}
 p - a potion of haste {unknown}


   Skills:
 + Level 4.9 Fighting
 + Level 4.1 Maces & Flails
 + Level 5.0 Armour
 + Level 2.8 Dodging
 - Level 4.0 Shields


You had 4 spell levels left.
You didn't know any spells.
Your spell library was empty.

Dungeon Overview and Level Annotations

Branches:
Dungeon (4/15)
 Temple: D:4-7

Altars:
Zin

Shops:
D:3 (

Annotations:
D:3 Pikel


Innate Abilities, Weirdness & Mutations

You have a pair of horns on your head.
You reflexively headbutt those who attack you in melee.


Message History

You bump into the rock wall.
The orc hits you with a +0 club. Something hits you.
You bump into the rock wall.
The orc hits you with a +0 club.
* * * LOW HITPOINT WARNING * * *
You bump into the rock wall.
The orc hits you but does no damage.
You hit the orc.
The orc is lightly wounded.
You feel less confused. The orc barely misses you.
The orc wizard gestures wildly while chanting.
The orc wizard flickers and vanishes!
You sock the orc!
You kill the orc!
You hit Pikel.
Pikel is lightly wounded.
Pikel hits you but does no damage. x2
You closely miss Pikel. Your headbutt misses Pikel.
Pikel is lightly wounded.
Pikel hits you with a +1 whip of flaming.
* * * LOW HITPOINT WARNING * * *
Pikel burns you.
* * * LOW HITPOINT WARNING * * *
You hit Pikel. You headbutt Pikel.
Pikel is lightly wounded.
Pikel hits you with a +1 whip of flaming.
* * * LOW HITPOINT WARNING * * *
Pikel burns you.
* * * LOW HITPOINT WARNING * * *
The orc wizard casts a spell.
The orc wizard flickers and vanishes!
Pikel says, "You'll make a fine lemure."
Pikel says, "Antaeus said I was his favorite kobold.
Me!"
There is a stone staircase leading up here.
Pikel barely misses you.
You climb upwards.
Reactivating autopickup.
There is a stone staircase leading down here.
You feel very mighty all of a sudden.
Pikel hits you with a +1 whip of flaming!
You die...

#....#.†..##.#
#.#
####.###..##.#
#.#
#....#.##.#
#.#
####.#..#.#
#.# #.#..#.#
#.# #.#....#
#.# #.#.#..#
#.# #.#.#.K#
#.# #.#...@#
#.# #.######
#.# #.# #.#
#.# #.#
#.########.#
#..........#
############


You could see Pikel.

Vanquished Creatures
  2 lemures (D:4)
  An orc priest (D:3)
  Jessica (D:3)
  An orc wizard (D:4)
  Robin (D:3)
  4 adders
  4 worms (D:2)
  A dart slug (D:1)
  7 orcs
  7 ball pythons
  8 bats
  6 endoplasms
  2 giant cockroaches
  11 goblins
  7 hobgoblins
  4 jackals (D:1)
  4 kobolds
  3 quokkas
  5 frilled lizards
  5 rats
84 creatures vanquished.

Notes
Turn   | Place    | Note
-------+----------+-------------------------------------------
     0 | D:1      | voltaire321 the Minotaur Fighter began the quest for the
                  | Orb.
     0 | D:1      | Reached XP level 1. HP: 19/19 MP: 0/0
   225 | D:1      | Reached XP level 2. HP: 17/27 MP: 1/1
   488 | D:1      | Reached skill level 1 in Dodging
   736 | D:1      | Reached XP level 3. HP: 31/33 MP: 2/2
   919 | D:1      | Reached skill level 4 in Armour
  1010 | D:1      | Found a faded altar of an unknown god.
  1540 | D:2      | Found a glowing silver altar of Zin.
  1765 | D:2      | Reached XP level 4. HP: 40/40 MP: 3/3
  2422 | D:3      | Found Waeciof's Weapon Shop.
  3066 | D:3      | Reached XP level 5. HP: 41/47 MP: 4/4
  3113 | D:3      | Noticed Jessica
  3114 | D:3      | Noticed Robin
  3138 | D:3      | Killed Robin
  3148 | D:3      | Killed Jessica
  3723 | D:4      | Reached skill level 5 in Armour
  3743 | D:4      | Noticed a lemure
  3743 | D:4      | Noticed a lemure
  3743 | D:4      | Noticed a lemure
  3745 | D:4      | Noticed a lemure
  3746 | D:4      | Noticed Pikel
  3776 | D:4      | Killed a lemure
  3871 | D:4      | Killed a lemure
  3884 | D:4      | HP: 1/47 [Pikel (2)]
  3903 | D:3      | Slain by Pikel

Illustrated notes

Levels and vault maps discovered:
D:1:      minmay_arrival_doors, layout_basic,
          shapermc_ecumenical_altar_totnotflames
D:2:      layout_basic, basic_altar, nrook_mini_vaults
D:3:      layout_basic, serial_shops, shop_coins, uniq_jessica, uniq_robin
D:4:      layout_basic, uniq_pikel

Skill      XL: |  1  2  3  4  5 |
---------------+----------------+-----
Dodging        | 1 2 |  2.8
Shields        | 4 |  4.0
Armour         | 4 5 |  5.0
Fighting       | 4 |  4.9
Maces & Flails | 3 4 |  4.1

Action                   |  1- 3 |  4- 6 || total
-------------------------+-------+-------++-------
Melee: Flail             |    94 |   122 ||   216
       Headbutt          |    13 |    20 ||    33
  Use: Potion            |       |     1 ||     1
Armor: Scale mail        |    42 |    47 ||    89
Dodge: Dodged            |    38 |    55 ||    93
Block: Buckler           |    23 |    22 ||    45

Table legend: (Time is in decaauts)
 A = Elapsed time spent in this place.
 B = Non-inter-level travel time spent in this place.
 C = Inter-level travel time spent in this place.
 D = Time resting spent in this place.
 E = Time spent auto-exploring this place.
 F = Levels seen in this place.
 G = Mean time per level.
                   A        B        C        D        E       F      G
               +--------+--------+--------+--------+--------+-----+--------+
         Total |   3962 |   3911 |     51 |    156 |   3017 |   4 |  990.5 |
       Dungeon |   3962 |   3911 |     51 |    156 |   3017 |   4 |  990.5 |
               +--------+--------+--------+--------+--------+-----+--------+

Top non-repeatable levels by time:
     D:1: 1504 daAuts
     D:3: 1086 daAuts
     D:2: 952 daAuts
     D:4: 418 daAuts
